[ AOE2 MATCH · #472726512 ]
1v1 RMEthiopians vs Persians
Player's team · WIN
Rival team · LOSS
[ REPLAY ANALYSIS · EXTRACTED FROM THE RECORDED GAME ]
Feudal
12:30
Castle
23:03
Imperial
54:42
| APM avg | 18.5 |
| APM peak | 42 |
| eAPM avg | 14.2 |
| Villagers / military | 97 / 226 |
Focus
⚔️ 52.0% · 🌾 48.0%
Spearman ×115 · Shotel Warrior ×63 · Archer ×16 · Skirmisher ×14 · Battering Ram ×14 · Trebuchet (Packed) ×3
Feudal
—
Castle
—
Imperial
—
| APM avg | 15.0 |
| APM peak | 45 |
| eAPM avg | 10.9 |
| Villagers / military | 92 / 116 |
Focus
⚔️ 29.0% · 🌾 71.0%
Knight ×59 · Camel Scout ×34 · Hand Cannoneer ×12 · Archer ×9 · Scout Cavalry ×1 · War Elephant ×1
Match map
Initial resources + every placement click. Lines = walls · curves = elevation contours. ◆ gold · ⬟ stone · ● berries · ✦ relic · ◌ wall gap
Your base· ✓ Closed at 23:03 · 12t walls · 1 gate(s)
METtofen's base· ✓ Closed at 25:42 · 6t walls · 1 gate(s)
Smoothed initial terrain · ◌ = detected wall gap · hover for details
Inputs per minute
— howdydo12 - - METtofen
Build order — howdydo12
First 150 of 469 actions detected
| 0:02 | Create | Villager (Male) |
| 0:02 | Create | Villager (Male) |
| 0:02 | Create | Villager (Male) |
| 0:03 | Create | Villager (Male) |
| 0:03 | Create | Villager (Male) |
| 0:05 | Build | House |
| 0:07 | Build | House |
| 0:11 | Build | House |
| 1:26 | Create | Villager (Male) |
| 2:23 | Create | Villager (Male) |
| 2:24 | Create | Villager (Male) |
| 2:41 | Create | Villager (Male) |
| 2:41 | Create | Villager (Male) |
| 2:41 | Create | Villager (Male) |
| 2:54 | Build | Lumber Camp |
| 3:34 | Create | Villager (Male) |
| 4:11 | Create | Villager (Male) |
| 5:26 | Build | Palisade Wall |
| 5:29 | Build | Palisade Gate |
| 5:34 | Create | Villager (Male) |
| 5:34 | Create | Villager (Male) |
| 5:34 | Create | Villager (Male) |
| 5:36 | Create | Villager (Male) |
| 7:27 | Build | Mining Camp |
| 7:38 | Build | Mining Camp |
| 7:48 | Create | Villager (Male) |
| 7:49 | Create | Villager (Male) |
| 7:54 | Create | Villager (Male) |
| 7:54 | Research | Loom |
| 8:48 | Build | Mill |
| 9:42 | Build | Farm |
| 10:20 | Research | Feudal Age |
| 12:30 | Age | Feudal Age |
| 12:42 | Build | Barracks |
| 12:51 | Research | Double-Bit Axe |
| 12:56 | Create | Villager (Male) |
| 12:56 | Create | Villager (Male) |
| 12:57 | Create | Villager (Male) |
| 12:57 | Create | Villager (Male) |
| 13:02 | Research | Wheelbarrow |
| 13:17 | Build | Farm |
| 13:18 | Build | Farm |
| 13:20 | Build | Farm |
| 13:25 | Build | Farm |
| 13:29 | Build | Farm |
| 13:50 | Build | Archery Range |
| 13:53 | Build | House |
| 13:54 | Build | House |
| 13:58 | Build | House |
| 14:16 | Create | Spearman |
| 14:32 | Build | Farm |
| 14:34 | Create | Villager (Male) |
| 14:34 | Create | Villager (Male) |
| 14:34 | Create | Villager (Male) |
| 14:34 | Create | Villager (Male) |
| 14:53 | Build | Archery Range |
| 15:02 | Create | Archer |
| 15:02 | Create | Archer |
| 15:02 | Create | Archer |
| 15:02 | Create | Archer |
| 15:03 | Create | Archer |
| 15:03 | Create | Archer |
| 15:03 | Create | Archer |
| 15:03 | Create | Archer |
| 15:16 | Build | House |
| 16:05 | Build | House |
| 16:09 | Build | House |
| 16:10 | Build | House |
| 17:03 | Create | Archer |
| 17:05 | Create | Skirmisher |
| 17:05 | Create | Skirmisher |
| 17:06 | Create | Skirmisher |
| 17:06 | Create | Skirmisher |
| 17:12 | Build | Farm |
| 17:28 | Create | Villager (Male) |
| 17:28 | Create | Villager (Male) |
| 17:28 | Create | Villager (Male) |
| 17:30 | Create | Villager (Male) |
| 17:42 | Build | Blacksmith |
| 17:53 | Build | Market |
| 18:21 | Create | Villager (Male) |
| 18:21 | Create | Villager (Male) |
| 18:48 | Build | Farm |
| 18:51 | Create | Villager (Male) |
| 18:52 | Create | Villager (Male) |
| 18:52 | Create | Villager (Male) |
| 20:05 | Research | Castle Age |
| 20:28 | Create | Skirmisher |
| 20:28 | Create | Skirmisher |
| 20:29 | Create | Skirmisher |
| 20:29 | Create | Skirmisher |
| 20:29 | Create | Skirmisher |
| 20:36 | Build | Mining Camp |
| 20:53 | Build | Mining Camp |
| 21:09 | Research | Fletching |
| 21:33 | Create | Skirmisher |
| 21:34 | Create | Skirmisher |
| 21:34 | Create | Skirmisher |
| 21:34 | Create | Skirmisher |
| 21:34 | Create | Skirmisher |
| 21:44 | Create | Villager (Male) |
| 21:44 | Create | Villager (Male) |
| 21:44 | Create | Villager (Male) |
| 21:44 | Create | Villager (Male) |
| 22:01 | Build | Farm |
| 22:03 | Build | Farm |
| 22:42 | Build | Lumber Camp |
| 23:03 | Age | Castle Age |
| 23:12 | Research | Crossbowman (upgrade) |
| 23:29 | Build | Lumber Camp |
| 23:40 | Build | House |
| 23:42 | Build | House |
| 23:45 | Build | House |
| 24:02 | Create | Villager (Male) |
| 24:03 | Create | Villager (Male) |
| 24:03 | Create | Villager (Male) |
| 24:03 | Create | Villager (Male) |
| 24:03 | Create | Villager (Male) |
| 24:03 | Create | Villager (Male) |
| 24:29 | Create | Spearman |
| 24:30 | Create | Spearman |
| 24:30 | Create | Spearman |
| 24:30 | Create | Spearman |
| 24:31 | Create | Spearman |
| 24:34 | Research | Arson |
| 24:41 | Create | Villager (Male) |
| 24:42 | Create | Villager (Male) |
| 24:42 | Create | Villager (Male) |
| 24:57 | Create | Archer |
| 24:58 | Create | Archer |
| 24:58 | Create | Archer |
| 24:58 | Create | Archer |
| 25:15 | Research | Stone Mining |
| 26:00 | Build | Siege Workshop |
| 26:14 | Build | Farm |
| 26:35 | Create | Spearman |
| 26:37 | Research | Scale Mail Armor |
| 26:38 | Research | Bodkin Arrow |
| 27:01 | Build | Outpost |
| 27:04 | Build | Outpost |
| 27:07 | Build | Outpost |
| 27:18 | Build | House |
| 27:38 | Create | Archer |
| 27:38 | Create | Archer |
| 27:38 | Create | Archer |
| 27:51 | Create | Battering Ram |
| 28:09 | Create | Spearman |
| 28:09 | Create | Spearman |
| 28:10 | Create | Spearman |
| 28:25 | Create | Battering Ram |
Build order — METtofen
First 150 of 338 actions detected
| 0:03 | Create | Villager (Male) |
| 0:14 | Build | House |
| 1:38 | Build | House |
| 1:39 | Build | House |
| 1:57 | Create | Villager (Male) |
| 1:57 | Create | Villager (Male) |
| 1:58 | Create | Villager (Male) |
| 1:58 | Create | Villager (Male) |
| 1:58 | Create | Villager (Male) |
| 1:58 | Create | Villager (Male) |
| 2:50 | Create | Villager (Male) |
| 3:10 | Build | House |
| 3:35 | Create | Villager (Male) |
| 3:54 | Build | Palisade Wall |
| 4:05 | Build | Palisade Gate |
| 4:12 | Create | Villager (Male) |
| 4:13 | Create | Villager (Male) |
| 4:13 | Create | Villager (Male) |
| 4:13 | Create | Villager (Male) |
| 5:15 | Create | Villager (Male) |
| 5:15 | Create | Villager (Male) |
| 5:15 | Create | Villager (Male) |
| 5:17 | Create | Villager (Male) |
| 6:06 | Create | Villager (Male) |
| 6:29 | Create | Villager (Male) |
| 6:29 | Create | Villager (Male) |
| 7:10 | Create | Villager (Male) |
| 7:41 | Build | Lumber Camp |
| 8:06 | Build | Mill |
| 8:45 | Build | House |
| 8:47 | Build | House |
| 8:49 | Build | House |
| 8:50 | Build | House |
| 9:27 | Create | Villager (Male) |
| 9:28 | Create | Villager (Male) |
| 9:28 | Create | Villager (Male) |
| 9:28 | Create | Villager (Male) |
| 10:06 | Create | Villager (Male) |
| 10:18 | Create | Villager (Male) |
| 10:44 | Build | Mining Camp |
| 11:05 | Build | House |
| 11:11 | Build | Mining Camp |
| 11:23 | Create | Villager (Male) |
| 11:36 | Build | Farm |
| 11:38 | Research | Feudal Age |
| 11:43 | Build | House |
| 12:20 | Build | Farm |
| 12:26 | Build | Farm |
| 12:31 | Build | Farm |
| 12:44 | Build | House |
| 12:45 | Build | House |
| 12:51 | Build | House |
| 12:53 | Build | House |
| 12:55 | Build | House |
| 12:57 | Build | House |
| 12:58 | Build | House |
| 13:28 | Build | Farm |
| 13:46 | Create | Villager (Male) |
| 13:46 | Create | Villager (Male) |
| 13:47 | Create | Villager (Male) |
| 13:47 | Create | Villager (Male) |
| 13:55 | Research | Double-Bit Axe |
| 14:06 | Research | Horse Collar |
| 14:21 | Build | Barracks |
| 15:19 | Create | Villager (Male) |
| 15:39 | Build | Archery Range |
| 15:43 | Create | Villager (Male) |
| 15:55 | Research | Gold Mining |
| 15:58 | Research | Stone Mining |
| 16:04 | Create | Villager (Male) |
| 16:05 | Create | Villager (Male) |
| 16:21 | Build | Stable |
| 16:41 | Build | Farm |
| 17:04 | Build | Archery Range |
| 17:07 | Create | Villager (Male) |
| 17:08 | Create | Villager (Male) |
| 17:25 | Build | House |
| 17:26 | Build | House |
| 17:49 | Build | Archery Range |
| 17:53 | Create | Villager (Male) |
| 17:53 | Create | Villager (Male) |
| 17:55 | Create | Villager (Male) |
| 17:56 | Create | Villager (Male) |
| 17:56 | Create | Villager (Male) |
| 18:22 | Build | House |
| 18:23 | Build | House |
| 18:25 | Build | House |
| 18:27 | Build | House |
| 18:28 | Build | House |
| 18:32 | Create | Villager (Male) |
| 18:42 | Build | Archery Range |
| 18:49 | Build | Archery Range |
| 18:57 | Create | Villager (Male) |
| 19:07 | Create | Villager (Male) |
| 19:22 | Build | Stable |
| 19:33 | Create | Villager (Male) |
| 19:47 | Build | Farm |
| 19:50 | Create | Villager (Male) |
| 20:02 | Build | Watch Tower |
| 20:37 | Create | Archer |
| 20:38 | Create | Archer |
| 20:39 | Create | Archer |
| 20:40 | Create | Archer |
| 20:41 | Create | Archer |
| 20:49 | Create | Villager (Male) |
| 21:04 | Build | Stable |
| 21:11 | Create | Scout Cavalry |
| 21:34 | Create | Villager (Male) |
| 21:49 | Build | Farm |
| 22:05 | Build | Stable |
| 22:21 | Create | Archer |
| 22:21 | Create | Archer |
| 22:22 | Create | Archer |
| 22:23 | Create | Archer |
| 22:30 | Create | Villager (Male) |
| 22:31 | Create | Villager (Male) |
| 22:54 | Build | Farm |
| 23:00 | Build | Farm |
| 23:24 | Build | Watch Tower |
| 23:30 | Build | Farm |
| 23:34 | Create | Villager (Male) |
| 23:48 | Build | Blacksmith |
| 24:03 | Build | Farm |
| 24:08 | Create | Villager (Male) |
| 24:32 | Create | Villager (Male) |
| 24:37 | Build | Farm |
| 25:18 | Build | Farm |
| 25:32 | Build | Stable |
| 25:42 | Research | Castle Age |
| 25:58 | Build | House |
| 25:59 | Build | House |
| 26:00 | Build | House |
| 26:02 | Build | House |
| 26:03 | Build | House |
| 26:05 | Build | House |
| 26:07 | Build | House |
| 26:09 | Build | House |
| 26:10 | Build | House |
| 26:13 | Build | House |
| 26:29 | Build | Stable |
| 26:40 | Build | Lumber Camp |
| 27:08 | Build | Stable |
| 27:38 | Build | Stable |
| 28:01 | Research | Wheelbarrow |
| 28:11 | Build | Town Center |
| 28:20 | Create | Camel Scout |
| 28:20 | Create | Camel Scout |
| 28:20 | Create | Camel Scout |
| 28:20 | Create | Camel Scout |
| 28:21 | Create | Camel Scout |
Match timeline
| 3:54 | METtofen · wall_segment Palisade Wall x6 |
| 5:26 | howdydo12 · wall_segment Palisade Wall x12 |
| 12:30 | howdydo12 · age_up feudal |
| 12:42 | howdydo12 · first_building Barracks |
| 13:50 | howdydo12 · first_building Archery Range |
| 14:21 | METtofen · first_building Barracks |
| 15:39 | METtofen · first_building Archery Range |
| 16:21 | METtofen · first_building Stable |
| 19:50 | howdydo12 · first_market_sell 100 wood |
| 19:53 | howdydo12 · first_market_buy 100 food |
| 23:03 | howdydo12 · age_up castle |
| 26:00 | howdydo12 · first_building Siege Workshop |
| 29:51 | howdydo12 · first_building Castle |
| 30:46 | METtofen · first_building Castle |
| 38:20 | METtofen · first_market_sell 100 wood |
| 43:11 | howdydo12 · first_building Monastery |
| 44:36 | METtofen · first_building Siege Workshop |
| 47:41 | METtofen · wall_segment Stone Wall x1 |
| 48:19 | METtofen · wall_segment Stone Wall x10 |
| 48:33 | METtofen · first_market_buy 100 stone |
| 48:47 | METtofen · wall_segment Stone Wall x10 |
| 49:40 | METtofen · wall_segment Stone Wall x3 |
| 50:27 | METtofen · wall_segment Stone Wall x2 |
| 54:42 | howdydo12 · age_up imperial |
| 58:14 | METtofen · resign |
[ AI ANALYSIS · 1 CREDIT ]
What really happened in this match?
Wolo.gg analyzes every decision: build order, eco, micro, common mistakes by bracket. Personalized analysis on WhatsApp or Discord in 30 seconds.
Civ guide
Ethiopians
Map guide
Glade
Perfil
howdydo12